 Dungeon Crawl Stone Soup version 0.29.0-4-gdea44cf6ec (webtiles) character file.

Game seed: 5809577286814066534

147 qw the Chopper (level 5, -3/33 HPs)
             Began as a Gargoyle Berserker on Sept 5, 2022.
             Was a Believer of Trog.
             Killed from afar by an orc wizard (8 damage)
             ... with a magic dart
             ... on level 3 of the Dungeon.
             The game lasted 00:01:00 (3622 turns).

qw the Chopper (Gargoyle Berserker)                 Turns: 3622, Time: 00:01:00

Health: -3/33      AC:  7    Str: 21 (23) XL:     5   Next: 29%
Magic:  5/5        EV:  8    Int:  5 (7)  God:    Trog [**....]
Gold:   47         SH:  0    Dex: 12 (15) Spells: 4/4 levels left

rFire   . . .      SeeInvis .   Y - +1 hand axe
rCold   . . .      Faith    .   (no shield)
rNeg    + . .      Spirit   .   c - +0 leather armour
rPois   inf        Reflect  .   (no helmet)
rElec   +          Harm     .   (no cloak)
rCorr   .          Rampage  .   (no gloves)
Will    .....                   (no boots)
Stlth   +.........              (no amulet)
HPRegen 0.11/turn               e - +6 ring of dexterity
MPRegen 0.09/turn               (no ring)

@: on berserk cooldown, slowed, constricted, very slow
A: sickness immunity, AC +4, negative energy resistance 1, electricity
resistance, torment resistance 1, petrification resistance
a: Renounce Religion, Berserk, Trog's Hand


You were on level 3 of the Dungeon.
You worshipped Trog.
Trog was pleased with you.
You visited 1 branch of the dungeon, and saw 3 of its levels.

You collected 73 gold pieces.
You spent 26 gold pieces at shops.


Innate Abilities, Weirdness & Mutations

You are immune to sickness and miasma.
Your stone body is resilient. (AC +4)
You are immune to poison.
You resist negative energy. (rN+)
You are resistant to electric shocks. (rElec)
You are resistant to unholy torment.
You are immune to petrification.


   Skills:
 + Level 3.9 Fighting
 - Level 5.0 Axes
 - Level 2.1 Armour
 - Level 1.5 Dodging


You had 4 spell levels left.
You didn't know any spells.
Your spell library was empty.

Inventory:

Hand Weapons
 g - a +0 whip
 Y - a +1 hand axe (weapon)
Armour
 c - a +0 leather armour (worn)
Jewellery
 e - a +6 ring of dexterity (left hand)
Scrolls
 i - a scroll of identify
Potions
 f - a potion of flight {unknown}
 j - a potion of cancellation {unknown}
 k - 2 potions of might
 m - a potion of resistance {unknown}

Dungeon Overview and Level Annotations

Branches:
Dungeon (3/15)

Altars:

Shops:
D:2 [


Message History

You slash the adder!
You kill the adder!
Trog accepts your kill.
You feel your strength returning.
You hit the quokka.
You kill the quokka!
Trog accepts your kill.
You see here a +0 club.
You feel a strong urge to attack something.
The hobgoblin hits you but does no damage.
Something hits you.
You hit the hobgoblin.
You kill the hobgoblin!
Trog accepts your kill.
You barely miss something. You barely miss something. Something hits you.
You slash something!
You are no longer berserk.
You are exhausted.
You feel yourself slow down. Something hits you.
You closely miss something. Your punch misses something.
Something hits you but does no damage.
A ball python comes into view.
Something hits you.
Found a brown potion.
Something hits you but does no damage.
You see here a hobgoblin corpse.
The ball python hisses angrily.
The ball python closely misses you. x2; Something hits you.
The ball python bites you but does no damage.
The ball python grabs you. The ball python constricts you.
You hit the ball python.
The ball python is severely wounded.
You hit something.
The ball python bites you but does no damage.
The ball python constricts you.
You hear some strange, mumbled words.
A magic dart appears from out of thin air!
The magic dart hits you!
You die...

...........#..##.......
.........#....##......#
..[.........).$..##..# #
..........)%)....#...#..
........................
........................
...........#..%..(......
#........^##...{....~~..
.#........ #....@..~.!~.
.#.......##~...~~S.~..~~
.........#~~..~..~..~..~
###.....>#~~..~..~}.~...
#.....#~~...~.}~..~..
.....#~~~..~..~..~..
#..####~~~..~..~~...
##.~..~.......


You could see a ball python.

Vanquished Creatures
  8 adders
  3 worms
  2 dart slugs (D:1)
  2 orcs (D:3)
  13 ball pythons
  3 bats
  3 endoplasms (D:1)
  3 goblins
  6 hobgoblins
  6 jackals (D:3)
  2 kobolds
  2 quokkas
  3 frilled lizards
  4 rats
60 creatures vanquished.

Notes
Turn   | Place    | Note
-------+----------+-------------------------------------------
     0 | D:1      | qw the Gargoyle Berserker began the quest for the Orb.
     0 | D:1      | Reached XP level 1. HP: 14/14 MP: 1/1
     0 | D:1      | 0 ||| qw: Version: 0.1-a-104-g96f76f8
     0 | D:1      | 0 ||| qw: Game counter: 5836
     0 | D:1      | 0 ||| qw: Always use a shield: true
     0 | D:1      | 0 ||| qw: Do Orc after D:15 true
     0 | D:1      | 0 ||| qw: Do second Lair branch before Depths: true
     0 | D:1      | 0 ||| qw: Lair rune preference: random
     0 | D:1      | 0 ||| qw: Plans: Normal
     0 | D:1      | 0 ||| PLANNING D:1-11
   248 | D:1      | Reached skill level 3 in Axes
   251 | D:1      | 251 ||| Stepping ~*~*~tactically~*~*~ (stealth).
   261 | D:1      | 261 ||| INVOKING Berserk.
   264 | D:1      | Reached XP level 2. HP: 15/19 MP: 2/2
   449 | D:1      | 449 ||| Stepping ~*~*~tactically~*~*~ (stealth).
   522 | D:1      | 522 ||| Stepping ~*~*~tactically~*~*~ (hiding).
   624 | D:1      | 624 ||| Stepping ~*~*~tactically~*~*~ (hiding).
   726 | D:1      | 726 ||| Stepping ~*~*~tactically~*~*~ (hiding).
   828 | D:1      | 828 ||| Stepping ~*~*~tactically~*~*~ (hiding).
  1216 | D:1      | 1216 ||| Stepping ~*~*~tactically~*~*~ (hiding).
  1227 | D:1      | Reached XP level 3. HP: 23/23 MP: 3/3
  1556 | D:1      | 1556 ||| READING scroll labelled WECIKLO CEESM.
  1557 | D:1      | 1557 ||| READING scroll labelled ULUTOHAIQI.
  1558 | D:1      | 1558 ||| READING scroll labelled UNIGET TOSI.
  1559 | D:1      | 1559 ||| READING scroll labelled BABET HUHAFRESH.
  1562 | D:1      | 1562 ||| READING scroll labelled VEXUTHA USEFUFA.
  1563 | D:1      | 1563 ||| READING scroll labelled QEAMNUMMUKIW.
  1564 | D:1      | 1564 ||| READING scroll labelled LUHEDYWNEC.
  1592 | D:2      | Reached skill level 4 in Axes
  1614 | D:2      | Found a faded altar of an unknown god.
  1635 | D:2      | 1635 ||| Stepping ~*~*~tactically~*~*~ (stealth).
  1679 | D:2      | Found Xarautat's Armour Shop.
  1690 | D:2      | 1690 ||| BUYING +0 leather armour (26 gold).
  1690 | D:2      | Bought a +0 leather armour for 26 gold pieces
  1690 | D:2      | 1690 ||| SHOPLISTING +0 pair of boots (58 gold, have 19).
  1690 | D:2      | 1690 ||| SHOPLISTING +0 ring mail (52 gold, have 19).
  1690 | D:2      | 1690 ||| SHOPLISTING +0 scale mail (52 gold, have 19).
  1690 | D:2      | 1690 ||| SHOPLISTING +2 pair of boots of stealth (279 gold,
                  | have 19).
  1690 | D:2      | 1690 ||| SHOPLISTING +2 plate armour "Koyst" {rElec Str-5
                  | Dex+10} (747 gold, have 19).
  1690 | D:2      | 1690 ||| SHOPLISTING +2 ring mail of willpower (273 gold,
                  | have 19).
  1690 | D:2      | 1690 ||| SHOPLISTING +3 chain mail of fire resistance (344
                  | gold, have 19).
  1690 | D:2      | 1690 ||| SHOPLISTING +4 plate armour of willpower (650
                  | gold, have 19).
  2005 | D:2      | Reached XP level 4. HP: 25/28 MP: 4/4
  2086 | D:2      | 2086 ||| Stepping ~*~*~tactically~*~*~ (stealth).
  2612 | D:2      | HP: 7/28 [worm (9)]
  2613 | D:2      | 2613 ||| INVOKING Berserk.
  2864 | D:2      | 2864 ||| Stepping ~*~*~tactically~*~*~ (stealth).
  2995 | D:2      | 2995 ||| Stepping ~*~*~tactically~*~*~ (stealth).
  3351 | D:2      | 3351 ||| UPGRADING to +0 leather armour.
  3361 | D:2      | 3361 ||| DROPPING +0 animal skin.
  3362 | D:2      | 3362 ||| UPGRADING to +6 ring of dexterity.
  3363 | D:2      | 3363 ||| READING scroll labelled ZUILESCH BEEDGH.
  3464 | D:2      | 3464 ||| READING scroll labelled CUM ASHRUFE.
  3465 | D:2      | 3465 ||| DRINKING 2 sedimented golden potions.
  3466 | D:2      | 3466 ||| DRINKING 3 puce potions.
  3467 | D:2      | 3467 ||| DROPPING potion of degeneration.
  3506 | D:3      | 3506 ||| Stepping ~*~*~tactically~*~*~ (stealth).
  3507 | D:3      | 3507 ||| Stepping ~*~*~tactically~*~*~ (stealth).
  3509 | D:3      | 3509 ||| Stepping ~*~*~tactically~*~*~ (stealth).
  3511 | D:3      | 3511 ||| Stepping ~*~*~tactically~*~*~ (stealth).
  3514 | D:3      | 3514 ||| Stepping ~*~*~tactically~*~*~ (stealth).
  3523 | D:3      | 3523 ||| Stepping ~*~*~tactically~*~*~ (stealth).
  3525 | D:3      | 3525 ||| Stepping ~*~*~tactically~*~*~ (stealth).
  3526 | D:3      | 3526 ||| Stepping ~*~*~tactically~*~*~ (stealth).
  3585 | D:3      | Reached skill level 5 in Axes
  3605 | D:3      | Reached ** piety under Trog
  3606 | D:3      | Reached XP level 5. HP: 23/32 MP: 5/5
  3608 | D:3      | 3608 ||| INVOKING Berserk.
  3619 | D:3      | HP: 8/33 [something (2)]
  3622 | D:3      | Killed from afar by an orc wizard

Levels and vault maps discovered:
D:1:      dpeg_arrival_triangle_fractal, layout_loops_ring,
          minmay_shallow_snake_nest
D:2:      layout_loops_ring, serial_shops, shop_statue,
          ebering_ecumenical_altar_abandoned, serial_co_window_serial,
          co_window_corner_a, co_window_corner_a, co_window_paths_a,
          co_window_paths_a, co_window_paths_a, co_window_2corner,
          co_window_unsneaky_path_b, co_window_of_opportunity_c,
          co_window_paths_c, co_window_broadway_b, co_window_broadway_c,
          co_window_corner_ca, co_window_4corner_a, co_window_paths_e,
          glass_columns_a
D:3:      cheibrodos_helix_gallery, layout_rooms

Skill      XL: |  1  2  3  4 |
---------------+-------------+-----
Axes           | 3 4 5 |  5.0
Fighting       | |  3.9
Armour         | |  2.1
Dodging        | |  1.5

Action                   |  1- 3 |  4- 6 || total
-------------------------+-------+-------++-------
Melee: Hand axe          |    92 |    83 ||   175
       Punch             |     1 |       ||     1
Invok: Berserk           |     1 |     2 ||     3
  Use: Scroll            |     7 |     2 ||     9
       Potion            |       |     2 ||     2
Armor: Animal skin       |    31 |    13 ||    44
       Leather armour    |       |    16 ||    16
Dodge: Dodged            |    55 |    44 ||    99

Table legend:
 A = Non-vault XP
 B = Vault XP
 C = Vault XP percentage of total XP
 D = Non-vault monster count
 E = Vault monster count
 F = Vault count percentage of total count
                 A         B        C        D         E       F
            +---------+---------+-------+---------+---------+-------
      Total |     200 |      10 |   4.8 |      56 |       4 |   6.7
            +---------+---------+-------+---------+---------+-------
        D:1 |      37 |       3 |   7.5 |      19 |       2 |   9.5
        D:2 |     106 |       0 |   0.0 |      18 |       0 |   0.0
        D:3 |      57 |       7 |  10.9 |      19 |       2 |   9.5
            +---------+---------+-------+---------+---------+-------
